 Dungeon Crawl Stone Soup version 0.23-a0-164-g7711e57 (webtiles) character file.

203 Amnesiac the Magician (level 5, -1/37 HPs)
             Began as a Mummy Ice Elementalist on Sept 9, 2018.
             Slain by an orc priest
             ... wielding a +2 falchion of holy wrath
              (7 damage)
             ... on level 4 of the Dungeon.
             The game lasted 00:03:50 (2105 turns).

Amnesiac the Magician (Mummy Ice Elementalist)      Turns: 2105, Time: 00:03:51

Health: -1/37      AC:  6    Str: 11    XL:     5   Next: 51%
Magic:  8/11       EV: 11    Int: 15    God:
Gold:   105        SH:  0    Dex: 13    Spells: 7/12 levels left

rFire    x . .     SeeInvis .   g - +2 spear (pierce)
rCold    + . .     Gourm    .   (no shield)
rNeg     + + +     Faith    .   e - +0 ring mail
rPois    ∞         Spirit   .   d - +0 helmet
rElec    .         Reflect  .   (no cloak)
rCorr    .         Harm     .   (no gloves)
MR       .....                  (no boots)
Stlth    +.........             (no amulet)
HPRegen  0.12/turn              (no ring)
MPRegen  0.12/turn              (no ring)

@: no status effects
A: no food or potions, fire vulnerability, cold resistance 1, negative energy
resistance 3, torment resistance, unbreathing
a: no special abilities


You were on level 4 of the Dungeon.
You were not hungry.

You visited 1 branch of the dungeon, and saw 5 of its levels.

You collected 105 gold pieces.

Inventory:

Hand Weapons
 g - a +2 spear of piercing (weapon)
Armour
 a - a +0 robe
 d - a +0 helmet (worn)
 e - a +0 ring mail (worn)
Scrolls
 b - 2 scrolls of noise {!r}
 c - a scroll of fog {!r}
 f - a scroll of blinking {!r}
 h - a scroll of identify {!r}
 j - 2 scrolls of magic mapping {!r}


   Skills:
 - Level 1.0 Fighting
 + Level 2.2 Dodging
 - Level 1.5 Stealth
 + Level 4.2 Spellcasting
   Level 0.7 Conjurations
 * Level 4.2 Ice Magic


You had 7 spell levels left.
You knew the following spells:

 Your Spells              Type           Power        Failure   Level  Hunger
a - Freeze                Ice            ###.         8%          1    N/A
b - Summon Ice Beast      Ice/Summ       #.......     87%         4    N/A

Your spell library contained the following spells:

 Spells                   Type           Power        Failure   Level  Hunger
 Throw Frost              Conj/Ice       ##....       24%         2    N/A
 Ozocubu's Armour         Chrm/Ice       #.......     47%         3    N/A
 Throw Icicle             Conj/Ice       ##......     83%         4    N/A

Dungeon Overview and Level Annotations

Branches:
Dungeon (5/15)
 Temple: D:4-7

Altars:
Fedhas

Shops:
D:5 !

Annotations:
D:5 Ijyb


Innate Abilities, Weirdness & Mutations

You do not eat or drink.
Your flesh is vulnerable to fire.
You are immune to poison.
Your flesh is cold resistant. (rC+)
You are immune to negative energy. (rN+++)
You are immune to unholy pain and torment.
You can survive without breathing.


Message History

Confirm with . or Enter, or press ? or * to list all spells.
Aiming: Freeze (safe; 8% risk of failure)
Press: ? - help, Shift-Dir - straight line, f - orc
Aim: an orc, wielding a flail You freeze the orc.
You kill the orc!
Casting: Freeze (safe; 8% risk of failure)
Confirm with . or Enter, or press ? or * to list all spells.
You can't see any susceptible monsters within range! (Use Z to cast anyway.)
The orc hits you but does no damage.
Things that are here:
a flail; a wand of acid (7); an orc corpse
Casting: Freeze (safe; 8% risk of failure)
Confirm with . or Enter, or press ? or * to list all spells.
Aiming: Freeze (safe; 8% risk of failure)
Press: ? - help, Shift-Dir - straight line, f - orc
Aim: an orc, wielding a dagger and wearing a ring mail You freeze the orc.
You kill the orc!
Casting: Freeze (safe; 8% risk of failure)
Confirm with . or Enter, or press ? or * to list all spells.
You can't see any susceptible monsters within range! (Use Z to cast anyway.)
You start resting.
Magic restored.
Things that are here:
a dagger; a ring mail The orc priest shouts!
You hear a shout!
Things that are here:
a flail; a wand of acid (7); an orc corpse The orc priest hits you with a falchion of holy wrath.
You convulse.
Casting: Freeze (safe; 8% risk of failure)
Confirm with . or Enter, or press ? or * to list all spells.
Aiming: Freeze (safe; 8% risk of failure)
Press: ? - help, Shift-Dir - straight line, f - orc priest
Aim: an orc priest, wielding a falchion of holy wrath and wearing a scale mail You freeze the orc priest.
The orc priest is lightly wounded.
The orc wizard shouts!
The orc wizard gestures wildly while chanting.
The orc wizard seems to speed up.
The orc priest hits you with a falchion of holy wrath.
* * * LOW HITPOINT WARNING * * *
You convulse.
* * * LOW HITPOINT WARNING * * *
Casting: Freeze (safe; 8% risk of failure)
Confirm with . or Enter, or press ? or * to list all spells.
Aiming: Freeze (safe; 8% risk of failure)
Press: ? - help, Shift-Dir - straight line, f/p - orc priest
Aim: an orc priest, wielding a falchion of holy wrath and wearing a scale mail You freeze the orc priest.
The orc priest is heavily wounded.
The orc priest closely misses you.
Casting: Freeze (safe; 8% risk of failure)
Confirm with . or Enter, or press ? or * to list all spells.
Aiming: Freeze (safe; 8% risk of failure)
Press: ? - help, Shift-Dir - straight line, f/p - orc priest
Aim: an orc priest, wielding a falchion of holy wrath and wearing a scale mail You freeze the orc priest.
The orc priest is almost dead.
The orc priest hits you with a falchion of holy wrath.
* * * LOW HITPOINT WARNING * * *
You convulse!
You die...

##>#######.##.# #.
#.............## #.
##.#######.#...###.
#.# #.#....##. #.#
#.......#.
######.###
###.......
#........# ###.####
#.####.#.# #.#
#...))@o.# #.#
#..###.#># ##+## #.
#..#.# ##...## #
#o##.# ##.....## #.
#.# ##.......#
###.o. #. ...
#......... ...oo.
.. ... +.........
###... ## ...
#......... #..##
##.<.....#


You could see an orc priest and an orc wizard.

Vanquished Creatures
  A centaur (D:5)
  A hound (D:4)
  A worker ant (D:4)
  3 adders
  A dart slug (D:4)
  A leopard gecko (D:1)
  3 orcs (D:4)
  A ball python (D:2)
  3 giant cockroaches
  2 hobgoblins
  4 jackals (D:4)
  3 bats
  5 frilled lizards
  3 goblins
  2 kobolds (D:3)
  2 rats (D:1)
36 creatures vanquished.

Notes
Turn   | Place    | Note
-------+----------+-------------------------------------------
     0 | D:1      | Amnesiac the Mummy Ice Elementalist began the quest for the
                  | Orb.
     0 | D:1      | Reached XP level 1. HP: 13/13 MP: 4/4
   419 | D:2      | Reached XP level 2. HP: 19/19 MP: 3/5
   636 | D:3      | Reached XP level 3. HP: 25/25 MP: 1/7
   817 | D:2      | Found a blossoming altar of Fedhas.
   846 | D:4      | Reached skill level 1 in Fighting
   966 | D:4      | Reached XP level 4. HP: 19/32 MP: 0/9
  1099 | D:4      | Learned a level 4 spell: Summon Ice Beast
  1622 | D:5      | Entered Level 5 of the Dungeon
  1622 | D:5      | Noticed a centaur
  1650 | D:5      | Killed a centaur
  1650 | D:5      | Reached XP level 5. HP: 4/37 MP: 3/11
  1691 | D:5      | Found Tebryluq's Distillery.
  1724 | D:5      | Noticed Ijyb
  2105 | D:4      | Slain by an orc priest

Vault maps used:
D:1:      minmay_arrival_checkered_box
D:2:      fedhas_altar_3
D:4:      first_ration, item_on_display_a
D:5:      marbit_many_paths, temple_green, serial_shops, nicolae_shop_stone,
          shop, shop, shop, shop, portal_sewer_entry_a, hangedman_decor_push,
          uniq_ijyb

Skill      XL: |  1  2  3  4 |
---------------+-------------+-----
Spellcasting   | 3 4 |  4.2
Ice Magic      | 3 4 |  4.2
Fighting       | 1 |  1.0
Dodging        | 2 |  2.2
Stealth        | |  1.5
Conjurations   | |  0.7

Action                   |  1- 3 |  4- 6 || total
-------------------------+-------+-------++-------
Melee: Unarmed           |     3 |       ||     3
       Spear             |    17 |     2 ||    19
 Cast: Freeze            |    39 |    26 ||    65
  Use: Scroll            |     1 |     7 ||     8
Armor: Ring mail         |    32 |     9 ||    41
       Robe              |     2 |       ||     2
Dodge: Dodged            |    43 |     9 ||    52

Table legend:
 A = Non-vault XP
 B = Vault XP
 C = Vault XP percentage of total XP
 D = Non-vault monster count
 E = Vault monster count
 F = Vault count percentage of total count
                 A         B        C        D         E       F
            +---------+---------+-------+---------+---------+-------
      Total |     290 |       0 |   0.0 |      36 |       0 |   0.0
            +---------+---------+-------+---------+---------+-------
        D:1 |      25 |       0 |   0.0 |       8 |       0 |   0.0
        D:2 |       6 |       0 |   0.0 |       5 |       0 |   0.0
        D:3 |      23 |       0 |   0.0 |       7 |       0 |   0.0
        D:4 |     116 |       0 |   0.0 |      14 |       0 |   0.0
        D:5 |     120 |       0 |   0.0 |       2 |       0 |   0.0
            +---------+---------+-------+---------+---------+-------
